 Dungeon Crawl Stone Soup version 0.30-b1-2-g02819fbbbe (webtiles) character file.

Game seed: 2397790883869210620

3739 funkygono the Cleaver (level 9, -6/81 HPs)
             Began as a Minotaur Fighter on May 25, 2023.
             Was an Elder of Okawaru.
             Mangled by a slime creature (13 damage)
             ... on level 8 of the Dungeon.
             The game lasted 00:14:25 (7469 turns).

funkygono the Cleaver (Minotaur Fighter)            Turns: 7469, Time: 00:14:26

Health: -6/81      AC: 16    Str: 24    XL:     9   Next: 93%
Magic:  8/8        EV: 10    Int:  5    God:    Okawaru [****..]
Gold:   82         SH:  6    Dex: 17    Spells: 8/8 levels left

rFire   . . .        a - +0 war axe
rCold   . . .        c - +0 buckler
rNeg    . . .        m - +0 chain mail
rPois   .            (helmet restricted)
rElec   .            (no cloak)
rCorr   .            u - +2 pair of gloves
SInv    .            y - +0 pair of boots of Sorcery {+Blink}
Will    .....        (no amulet) Stlth
                     h - +6 ring of dexterity
HPRegen 0.33/turn    p - ring of wizardry
MPRegen 0.11/turn

%: wizardry (x1)
@: no status effects
A: horns 2, retaliatory headbutt
a: Renounce Religion, Evoke Blink, Heroism, Finesse


You were on level 8 of the Dungeon.
You worshipped Okawaru.
Okawaru was greatly pleased with you.
You visited 2 branches of the dungeon, and saw 9 of its levels.

You collected 423 gold pieces.
You spent 341 gold pieces at shops.

Inventory:

Hand Weapons
 a - a +0 war axe (weapon)
Missiles
 g - 86 stones (quivered)
Armour
 c - a +0 buckler (worn)
 m - a +0 chain mail (worn)
 u - a +2 pair of gloves (worn)
 y - the +0 pair of boots of Sorcery (worn) {+Blink}
   (You bought it in a shop on level 6 of the Dungeon)

   +Blink:    It lets you blink.
Jewellery
 d - a ring of wizardry
 h - a +6 ring of dexterity (left hand)
 p - a ring of wizardry (right hand)
Wands
 q - a wand of paralysis (21)
 r - a wand of polymorph (5)
 t - a wand of light (11)
 B - a wand of mindburst (11)
Scrolls
 i - a scroll of poison
 k - 2 scrolls of teleportation
 v - a scroll of fog
 w - a scroll of amnesia
Potions
 b - a potion of berserk rage {unknown}
 e - 5 potions of ambrosia
 f - a potion of magic
 j - 4 potions of lignification
 l - 3 potions of heal wounds
 n - a potion of invisibility
 o - 3 potions of curing
 s - 2 potions of flight
 x - a potion of mutation
 z - 2 potions of resistance
 A - a potion of attraction {unknown}


   Skills:
 + Level 8.2 Fighting
 + Level 11.7 Axes
 + Level 9.0 Armour
 + Level 3.1 Dodging
 + Level 1.1 Stealth
 + Level 5.8 Shields
 + Level 0.1 Invocations


You had 8 spell levels left.
You didn't know any spells.
Your spell library contained the following spells:

 Spells                   Type           Power      Damage    Failure   Level
 Beastly Appendage        Tmut           0%         N/A       71%         1
 Ensorcelled Hibernation  Hex/Ice        0%         N/A       83%         2
 Wereblood                Tmut           0%         N/A       83%         2
 Spider Form              Tmut/Pois      0%         N/A       96%         3
 Anguish                  Hex/Necr       0%         N/A       100%        4


Dungeon Overview and Level Annotations

Branches:
Dungeon (8/15)             Temple (1/1) D:4
   Lair: D:8-11

Altars:
Ashenzari
Cheibriados
Dithmenos
Elyvilon
Fedhas
Gozag
Hepliaklqana
Kikubaaqudgha
Makhleb
Nemelex Xobeh
Okawaru
Qazlal
Trog
Uskayaw
Vehumet
Wu Jian
Xom
Yredelemnul
Zin
The Shining One

Shops:
D:5 *   D:6 [   D:8 !


Innate Abilities, Weirdness & Mutations

You have a pair of horns on your head.
You reflexively headbutt those who attack you in melee.


Message History

You hit the slime creature. The slime creature hits you! x2
You hit the slime creature. You headbutt the slime creature!
The slime creature is severely wounded.
You slash the slime creature! The slime creature closely misses you.
You block the slime creature's attack.
You slash the slime creature! You headbutt the slime creature.
You kill the slime creature!
Okawaru is honoured by your kill.
You hit the slime creature.
The slime creature completely misses you.
You slice the slime creature!!
The slime creature is severely wounded.
You slash the slime creature! The slime creature barely misses you.
The slime creature hits you!
* * * LOW HITPOINT WARNING * * *
You hit the slime creature. You headbutt the slime creature!
The slime creature is almost dead.
You hit the slime creature.
The slime creature completely misses you.
You furiously retaliate!
You headbutt the slime creature.
The slime creature hits you but does no damage.
You slash the slime creature!
You kill the slime creature!
Okawaru accepts your kill.
You hit the slime creature. The slime creature hits you!
* * * LOW HITPOINT WARNING * * *
Your Armour skill increases to level 9!
You hit the slime creature.
The slime creature is moderately wounded.
You slash the slime creature! You headbutt the slime creature!
The slime creature is heavily wounded.
The slime creature hits you but does no damage.
You hit the slime creature. You headbutt the slime creature!
The slime creature is severely wounded.
The slime creature hits you.
* * * LOW HITPOINT WARNING * * *
You slash the slime creature!
The slime creature is almost dead.
The slime creature hits you!
You die...

#. #..# . #. #.<#
# ..###.##..# .#
........###.#
....#......#####
+#+
#$............
.....#.#........#
.....'.J@..#...#
.....#.#...'...+
... #.#...#...# .
#.#...)#####
#.#..)))...###
#.#..####....##
#....# ##.#..##
#.##.......##..##
# #.
###########..# #


You could see a slime creature.

Vanquished Creatures
  Joseph (D:7)
  3 slime creatures (D:8)
  Eustachio (D:5)
  Sigmund (D:5)
  2 steam dragons (D:8)
  4 ice beasts
  An orc warrior (D:6)
  2 sky beasts (D:7)
  3 black bears (D:5)
  3 centaurs
  2 ogres
  A kobold brigand (D:6)
  Blork the orc (D:5)
  2 bullfrogs (D:8)
  2 scorpions
  5 jellies
  A hound (D:5)
  A gnoll bouda (D:8)
  A sleepcap (D:6)
  3 orc wizards
  3 iguanas
  9 gnolls
  8 adders
  A shadow imp (D:7)
  3 white imps
  An ufetubus (D:5)
  4 worms
  3 dart slugs
  18 orcs
  4 ball pythons
  7 endoplasms
  3 giant cockroaches
  8 goblins
  11 hobgoblins
  8 kobolds
  A quokka (D:2)
  3 bats (D:1)
  A frilled lizard (D:3)
  4 rats
140 creatures vanquished.

Notes
Turn   | Place    | Note
-------+----------+-------------------------------------------
     0 | D:1      | funkygono the Minotaur Fighter began the quest for the Orb.
     0 | D:1      | Reached XP level 1. HP: 19/19 MP: 0/0
   159 | D:1      | Reached XP level 2. HP: 26/27 MP: 1/1
   952 | D:2      | Reached XP level 3. HP: 33/33 MP: 2/2
   960 | D:2      | Reached skill level 3 in Axes
  1643 | D:3      | Found a hazy altar of Hepliaklqana.
  1649 | D:3      | Found a glowing silver altar of Zin.
  1722 | D:3      | Noticed an ogre
  1729 | D:3      | Killed an ogre
  1730 | D:3      | Reached skill level 4 in Axes
  1730 | D:3      | Reached skill level 5 in Armour
  1730 | D:3      | Reached XP level 4. HP: 10/41 MP: 3/3
  1730 | D:3      | Reached XP level 5. HP: 11/47 MP: 4/4
  1981 | D:3      | HP: 2/47 [gnoll/+0 halberd (7)]
  2341 | D:3      | Reached skill level 5 in Fighting
  3171 | D:4      | Reached skill level 5 in Axes
  3232 | D:4      | Found a staircase to the Ecumenical Temple.
  3239 | Temple   | Entered the Ecumenical Temple
  3290 | Temple   | Became a worshipper of Warmaster Okawaru
  3455 | D:4      | Reached XP level 6. HP: 37/56 MP: 5/5
  3578 | D:4      | Found a burning altar of Makhleb.
  3735 | D:5      | Entered Level 5 of the Dungeon
  4169 | D:5      | Reached skill level 6 in Axes
  4197 | D:5      | Found Wesygharr's General Store.
  4232 | D:5      | Noticed Blork the orc
  4236 | D:5      | Killed Blork the orc
  4236 | D:5      | Reached * piety under Okawaru
  4237 | D:5      | Reached XP level 7. HP: 53/61 MP: 6/6
  4303 | D:5      | Reached skill level 1 in Dodging
  4358 | D:5      | Reached skill level 7 in Axes
  4410 | D:5      | You fall into a shaft and drop 1 floor!
  4414 | D:6      | Found Bydan's Antique Armour Shop.
  4432 | D:5      | Noticed Sigmund
  4440 | D:5      | Killed Sigmund
  4440 | D:5      | Reached ** piety under Okawaru
  4441 | D:5      | Reached skill level 1 in Stealth
  4894 | D:5      | Noticed Eustachio
  4902 | D:5      | Reached skill level 8 in Axes
  4902 | D:5      | Reached XP level 8. HP: 57/70 MP: 7/7
  4904 | D:5      | Killed Eustachio
  5164 | D:6      | Reached skill level 5 in Shields
  5393 | D:6      | Reached *** piety under Okawaru
  5394 | D:6      | Reached skill level 9 in Axes
  5766 | D:6      | Found an opulent altar of Gozag.
  5861 | D:7      | Noticed Joseph
  6067 | D:7      | Killed Joseph
  6068 | D:7      | Reached XP level 9. HP: 44/79 MP: 8/8
  6160 | D:7      | Reached skill level 10 in Axes
  6706 | D:7      | Reached **** piety under Okawaru
  7024 | D:6      | Bought a pair of dazzling boots for 266 gold pieces
  7024 | D:6      | Identified the +0 pair of boots of Sorcery {+Blink} (You
                  | bought it in a shop on level 6 of the Dungeon)
  7180 | D:8      | Found Yxaepytz's Distillery.
  7188 | D:8      | Bought a potion of heal wounds for 75 gold pieces
  7252 | D:8      | Reached skill level 11 in Axes
  7469 | D:8      | Mangled by a slime creature

Illustrated notes

Levels and vault maps discovered:
D:1:      saegor_arrival_fortress, layout_loops_ring
D:2:      layout_loops_ring, nicolae_figureground_pulse
D:3:      layout_basic, grunt_temple_overflow_open, serial_corexii_hall,
          chequers_hall_statues_corner_a, corexii_hall_statues_l
D:4:      layout_rooms, mainiacjoe_overflow_boulevard,
          minmay_temple_entry_butterflies, chequers_mini_garden
D:5:      layout_basic, serial_shops, nicolae_shop_tiny_glass, uniq_eustachio,
          uniq_sigmund, uniq_blork_the_orc
D:6:      layout_gridville, nicolae_gozag_seed_capital, serial_shops,
          nicolae_stop_n_shop_1
D:7:      layout_loops_ring, uniq_joseph
D:8:      layout_basic, nicolae_ru_the_path_less_chosen, serial_shops, shop
Temple:   regret_index_temple_sphere_string

Skill      XL: |  1  2  3  4  5  6  7  8  9 |
---------------+----------------------------+-----
Fighting       | 4 5 6 7 8 |  8.2
Armour         | 4 5 6 7 9 |  9.0
Shields        | 4 5 |  5.8
Axes           | 4 5 6 8 9 11 | 11.7
Dodging        | 1 2 3 |  3.1
Stealth        | 1 |  1.1
Invocations    | |  0.1

Action                     |  1- 3 |  4- 6 |  7- 9 || total
---------------------------+-------+-------+-------++-------
  Melee: War axe           |    76 |    91 |   213 ||   380
         Headbutt          |    13 |    17 |    47 ||    77
 Invoke: Heroism           |       |       |     1 ||     1
    Use: Scroll            |       |    11 |     6 ||    17
         Potion            |       |     1 |       ||     1
 Armour: Scale mail        |    28 |    36 |    64 ||   128
         Chain mail        |       |       |    42 ||    42
  Dodge: Dodged            |    29 |    30 |    99 ||   158
  Block: Buckler           |    13 |    17 |    55 ||    85
